 Dungeon Crawl Stone Soup version 0.14-a0-59-gd5eeb80 (webtiles) character file.

1200 Sachiko the Grappler (level 7, -7/66 HPs)
             Began as a Troll Monk on Sept 30, 2013.
             Succumbed to a gnoll sergeant's poison
             ... on Level 5 of the Dungeon.
             The game lasted 00:10:26 (2963 turns).

Sachiko the Grappler (Troll Monk)                   Turns: 2963, Time: 00:10:27

HP  -7/66        AC  7     Str 20      XL: 7   Next: 92%
MP   2/2         EV 11     Int  8      God:
Gold 241         SH  0     Dex 12      Spells:  0 memorised,  6 levels left

Res.Fire  : . . .   See Invis. : .     - Unarmed
Res.Cold  : . . .   Warding    : .   a - +1 robe (curse)
Life Prot.: . . .   Conserve   : .   (shield restricted)
Res.Poison: .       Res.Corr.  : .   (helmet restricted)
Res.Elec. : .       Clarity    : .   f - +0 cloak
Sust.Abil.: . .     Spirit.Shd : +   (gloves unavailable)
Res.Mut.  : .       Stasis     : .   (boots unavailable)
Res.Rott. : .       Flight     : .   h - amulet of guardian spirit
Gourmand  : +                        (no ring)
                                     (no ring)

@: extremely poisoned, very slightly contaminated, slightly resistant to hostile
enchantments, unstealthy
A: unfitting armour, claws 3, fast metabolism 3, gourmand, regeneration 2,
saprovore 2, tough skin 2, AC +1
a: no special abilities


You were on level 5 of the Dungeon.
You were very full.

You visited 1 branch of the dungeon, and saw 5 of its levels.

You collected 241 gold pieces.

Inventory:

Armour
 a - a cursed +1 robe (worn)
 f - a +0 cloak (worn)
Magical devices
 g - a wand of flame (11)
 i - a wand of flame (15)
 s - a wand of slowing (13)
Comestibles
 b - 2 meat rations
 j - a banana
 l - 2 chunks of worker ant flesh
 m - a chunk of adder flesh
 n - a bread ration
 q - a chunk of rat flesh
Scrolls
 e - a scroll of enchant armour
 o - 2 scrolls of blinking
 p - 3 scrolls of identify
Jewellery
 h - an amulet of guardian spirit (around neck)
Potions
 d - a potion of flight
 k - a potion of speed


   Skills:
 + Level 3.3 Fighting
 + Level 4.7 Dodging
 - Level 1.1 Stealth
 * Level 8.2 Unarmed Combat


You had 6 spell levels left.
You didn't know any spells.

Dungeon Overview and Level Annotations

Branches:
Dungeon (5/27)
 Temple: D:4-7

Altars:
Cheibriados

Shops:
D:4 *


Innate Abilities, Weirdness & Mutations

You are too large for most types of armour.
You have claws for hands.
Your metabolism is lightning-fast.
You like to eat raw meat.
You heal very quickly.
You can eat rotten meat.
You are covered in fur (AC +1).
You have very tough skin (AC +2).


Message History

As you read the scroll of blinking, it crumbles to dust.
You are very lightly contaminated with residual magic.
* * * LOW HITPOINT WARNING * * *
You feel sick.
The gnoll unwields an uncursed club.
The gnoll drops an uncursed club.
The gnoll picks up a trident of venom.
The gnoll wields a trident of venom.
It begins to drip with poison!
Read which item? (? for menu, Esc to quit)
As you read the scroll of teleportation, it crumbles to dust.
You feel strangely unstable.
* * * LOW HITPOINT WARNING * * *
You feel very sick.
Drink which item? (? for menu, Esc to quit)
Okay, then.
* * * LOW HITPOINT WARNING * * *
You feel very sick.
Your surroundings suddenly seem different.
* * * LOW HITPOINT WARNING * * *
You feel very sick.
Found a scroll labeled PRIOGASYKK.
You die...

# #. #. ##.#
.?. #.### <
#.@.##
....####..#
....#....#
####.#.#.##.#
....#...#...
#$......###.
#......# #.
#......# .#
#####......##


There were no monsters in sight!

Vanquished Creatures
  The ghost of Duskembrace the Covert, an average SpAs (D:3)
  An ogre (D:5)
  A centaur (D:5)
  A gnoll sergeant (D:5)
  4 crimson imps
  2 orc priests (D:4)
  2 hounds
  A giant frog skeleton (D:4)
  2 orc wizards (D:4)
  3 worker ants
  A hound skeleton (D:4)
  6 adders
  4 worms
  An iguana skeleton (D:4)
  2 oozes
  8 orcs
  12 bats
  5 giant cockroaches
  11 goblins
  10 hobgoblins
  9 jackals
  2 quokkas
  A ball python (D:3)
  A giant gecko zombie (D:5)
  2 giant newts
  13 kobolds
  18 rats
  A plant (D:3)
125 creatures vanquished.

Notes
Turn   | Place    | Note
--------------------------------------------------------------
     0 | D:1      | Sachiko, the Troll Monk, began the quest for the Orb.
     0 | D:1      | Reached XP level 1. HP: 20/20 MP: 0/0
   124 | D:1      | Reached XP level 2. HP: 26/28 MP: 0/0
   446 | D:1      | Reached XP level 3. HP: 35/35 MP: 1/1
   799 | D:2      | Reached skill level 5 in Unarmed Combat
   967 | D:2      | Reached XP level 4. HP: 37/44 MP: 1/1
  1452 | D:3      | Reached XP level 5. HP: 47/50 MP: 1/1
  1489 | D:3      | Noticed Duskembrace's ghost (average SpAs)
  1497 | D:3      | Killed Duskembrace's ghost
  1497 | D:3      | Reached skill level 6 in Unarmed Combat
  1497 | D:3      | Reached XP level 6. HP: 59/59 MP: 2/2
  2291 | D:4      | Found a snail-covered altar of Cheibriados.
  2335 | D:4      | Reached skill level 7 in Unarmed Combat
  2343 | D:4      | Reached XP level 7. HP: 38/66 MP: 1/2
  2401 | D:4      | Found Lafael's General Store.
  2686 | D:5      | Entered Level 5 of the Dungeon
  2872 | D:5      | Reached skill level 8 in Unarmed Combat
  2963 | D:5      | Succumbed to a gnoll sergeant's poison

Action                   |  1- 3 |  4- 6 |  7- 9 || total
-------------------------+-------+-------+-------++-------
Melee: Unarmed           |   116 |   158 |    81 ||   355
Evoke: Wand              |       |     1 |       ||     1
  Use: Scroll            |     8 |       |     4 ||    12
       Potion            |     2 |     5 |     4 ||    11
 Stab: Sleeping          |       |       |     1 ||     1
